 Dungeon Crawl Stone Soup version 0.20-a0-502-g555d78b (webtiles) character file.

1260 tsouns the Sneak (level 8, -8/46 HPs)
             Began as an Octopode Ice Elementalist on Jan 20, 2017.
             Killed from afar by Pikel (14 damage)
             ... with a wand of lightning (?/15)
             ... on level 6 of the Dungeon.
             The game lasted 00:22:59 (6284 turns).

tsouns the Sneak (Octopode Ice Elementalist)        Turns: 6284, Time: 00:23:00

Health: -8/46      AC:  1    Str:  7    XL:     8   Next: 52%
Magic:  8/16       EV: 13    Int: 20    God:
Gold:   267        SH:  3    Dex: 12    Spells: 3/18 levels left

rFire    . . .     SeeInvis .   F - +1 rapier (flame)
rCold    . . .     Gourm    +   u - +0 buckler {reflect}
rNeg     . . .     Faith    .   (helmet restricted)
rPois    .         Spirit   .   r - amulet of the gourmand
rElec    .         Reflect  +   (no ring)
rCorr    .         Harm     .   (no ring)
MR       .....                  (no ring)
Stlth    ++++......             (no ring)
Regen    0.2/turn               (no ring)
                                (no ring)
                                (no ring)
                                (no ring)

@: no status effects
A: almost no armour, stealthy swim, amphibious, 8 rings, constrict 8, camouflage
1, gelatinous body 1
a: no special abilities


You were on level 6 of the Dungeon.
You were completely stuffed.

You visited 1 branch of the dungeon, and saw 6 of its levels.
You also visited: Sewer.

You collected 267 gold pieces.

Inventory:

Hand Weapons
 h - a +0 spear
 s - the +6 Majin-Bo {vamp, Archmagi MP+6 Int+6}
   (You found it on level 4 of the Dungeon)

   It inflicts no extra harm, but heals its wielder when it wounds a living foe.
   It affects your intelligence (+6).
   It affects your magic capacity (+6).
 v - the +0 sword of Power
   (You found it on level 4 of the Dungeon)
 z - a +0 trident
 E - a +3 rapier
 F - a +1 rapier of flaming (weapon)
Missiles
 j - 182 stones (quivered)
 n - 5 tomahawks
 y - 2 exploding tomahawks
 G - 4 javelins
Armour
 u - a +0 buckler of reflection (worn)
Jewellery
 m - an uncursed ring of fire
 r - an amulet of the gourmand (around mantle)
Wands
 B - a wand of confusion (18/48)
Scrolls
 c - a scroll of enchant armour
 d - 2 scrolls of teleportation
 k - a scroll of recharging
 C - a scroll of amnesia
Potions
 e - 4 potions of curing
 g - 2 potions of ambrosia
 o - a potion of flight
 w - 2 potions of lignification
 x - a potion of agility
 D - a potion of brilliance
Books
 a - a book of Frost

   Spells                             Type                      Level
   a - Freeze                         Ice                          1
   b - Throw Frost                    Conjuration/Ice              2
   c - Ozocubu's Armour               Charms/Ice                   3
   d - Throw Icicle                   Conjuration/Ice              4
   e - Summon Ice Beast               Ice/Summoning                4
 A - a book of Necromancy

   Spells                             Type                      Level
   a - Pain                           Necromancy                   1
   b - Animate Skeleton               Necromancy                   1
   c - Vampiric Draining              Necromancy                   3
   d - Regeneration                   Charms/Necromancy            3
   e - Animate Dead                   Necromancy                   4
   f - Control Undead                 Necromancy                   4
Miscellaneous
 t - a sack of spiders
Comestibles
 b - 3 bread rations
 f - 5 fruits
 i - 2 chunks of flesh
 l - a slice of pizza
 p - 3 meat rations
 q - 2 beef jerkies


   Skills:
 - Level 2.0 Dodging
 - Level 6.4 Stealth
 - Level 1.1 Shields
 + Level 5.5 Spellcasting
 - Level 1.0 Conjurations
 + Level 3.6 Summonings
 + Level 6.4 Ice Magic


You had 3 spell levels left.
You knew the following spells:

 Your Spells              Type           Power        Failure   Level  Hunger
a - Freeze                Ice            ####         1%          1    None
b - Throw Frost           Conj/Ice       ###...       6%          2    None
c - Ozocubu's Armour      Chrm/Ice       ###.....     14%         3    ##.....
d - Throw Icicle          Conj/Ice       ###.....     34%         4    ####...
e - Summon Ice Beast      Ice/Summ       ####....     24%         4    ####...
f - Animate Skeleton      Necr           N/A          21%         1    None


Dungeon Overview and Level Annotations

Branches:
Dungeon (6/15)
 Temple: D:4-7

Altars:
Trog
Xom

Annotations:
D:5 Vajrapani's ghost, novice DsCj
D:6 Pikel


Innate Abilities, Weirdness & Mutations

You cannot wear most types of armour.
You are very stealthy in the water. (Stealth+)
You are amphibious.
You can wear up to eight rings at the same time.
You can use your tentacles to constrict eight enemies at once.
Your skin changes colour to match your surroundings (Stealth+).
Your rubbery body absorbs attacks. (AC +1, EV +1)


Message History

Evoke which item? (* to show all) (? for menu, Esc to quit)
Aiming: Confuse (will waste charges)
Press: ? - help, Shift-Dir - straight line, f/p - Pikel
Aim: Pikel, wielding a whip of electrocution, wearing a robe and carrying a wand of lightning (?/15) {zapped: 4} (chance to defeat MR: 46%) Pikel resists with some effort.
Evoking this partially-identified wand wasted a few charges.
Casting: Freeze
Confirm with . or Enter, or press ? or * to list all spells.
A chill wind blows around you.
Pikel zaps a wand.
The bolt of lightning hits you!
* * * LOW HITPOINT WARNING * * *
The bolt of lightning hits your ice beast.
Your ice beast dies!
Casting: Summon Ice Beast
Confirm with . or Enter, or press ? or * to list all spells.
A chill wind blows around you. Pikel closely misses you.
You swap places.
Pikel zaps a wand.
The bolt of lightning hits your ice beast.
The bolt of lightning hits you!
You die...

#.##.... #.##.##. #.##.##.
#.##.##. #.##.##. #.......
##.....# ######### #.###.#
##### #..@YK..# #.# #..
##...###.#####p######.###.#
#.....##.# #............#
#......>.# #.#####.######
#........# #....##.##
##...###.#####........###
#.#...#................#
#...#.#.#####.#..##..#.#
##.##.#.# #........#.#


You could see Pikel, a slave and a friendly ice beast.

Vanquished Creatures
  A sky beast (D:6)
  4 ogres
  3 bullfrogs
  2 scorpions
  A centaur zombie (D:5)
  2 howler monkeys
  A crimson imp (D:5)
  A hound (D:6)
  An orc wizard (D:4)
  2 iguanas
  4 worker ants
  A howler monkey skeleton (D:5)
  8 adders
  A shadow imp (D:6)
  An ooze (D:4)
  An adder zombie (D:6)
  3 worms
  2 dart slugs (D:1)
  14 leopard geckos
  8 orcs
  10 giant cockroaches
  4 hobgoblins
  9 jackals
  7 kobolds
  3 ball pythons
  5 bats (D:1)
  9 frilled lizards
  A giant cockroach zombie (D:6)
  4 goblins
  A jackal skeleton (D:6)
  A quokka skeleton (D:5)
  3 rats
118 creatures vanquished.

Notes
Turn   | Place    | Note
-------+----------+-------------------------------------------
     0 | D:1      | tsouns the Octopode Ice Elementalist began the quest for the Orb.
     0 | D:1      | Reached XP level 1. HP: 11/11 MP: 3/3
   174 | D:1      | Reached XP level 2. HP: 4/17 MP: 0/5
   207 | D:1      | Learned a level 2 spell: Throw Frost
  1076 | D:2      | Reached XP level 3. HP: 16/21 MP: 1/6
  1661 | D:3      | Reached XP level 4. HP: 24/27 MP: 5/8
  1894 | D:3      | Found a faded altar of an unknown god.
  2106 | D:3      | Reached XP level 5. HP: 28/31 MP: 6/10
  2333 | D:4      | Noticed an ogre
  2342 | D:4      | Killed an ogre
  2342 | D:4      | Reached skill level 5 in Stealth
  2342 | D:4      | Reached XP level 6. HP: 20/36 MP: 6/11
  2410 | D:4      | Found a glowing drain.
  2475 | Sewer    | Entered a sewer
  2869 | Sewer    | Reached XP level 7. HP: 21/41 MP: 3/13
  2897 | Sewer    | Reached skill level 5 in Ice Magic
  3004 | Sewer    | Learned a level 3 spell: Ozocubu's Armour
  3009 | Sewer    | Learned a level 4 spell: Throw Icicle
  3014 | Sewer    | Learned a level 4 spell: Summon Ice Beast
  3481 | D:5      | Entered Level 5 of the Dungeon
  3516 | D:5      | Reached skill level 1 in Shields
  3766 | D:5      | Found a shimmering altar of Xom.
  3779 | D:5      | Reached skill level 1 in Summonings
  3979 | D:5      | Found a bloodstained altar of Trog.
  4705 | D:5      | Learned a level 1 spell: Animate Skeleton
  4734 | D:5      | Noticed Vajrapani's ghost (novice DsCj)
  4943 | D:6      | Reached XP level 8. HP: 33/46 MP: 11/15
  5027 | D:6      | Reached skill level 5 in Spellcasting
  5674 | D:6      | Noticed Pikel
  5717 | D:6      | HP: 2/46 [slave[Pikel] (6)]
  6284 | D:6      | Killed from afar by Pikel

Vault maps used:
D:1:      ncdulo_smallfort
D:3:      corexii_shack_village, chequers_ecumenical_altar_lobes, st_stairs_10,
          chequers_big_river
D:4:      portal_sewer_entry_f
D:5:      basic_altar, first_bread, xom_confusion_cloud
D:6:      uniq_pikel
Sewer:    sewer_frog_island_01

Skill      XL: |  1  2  3  4  5  6  7  8 |
---------------+-------------------------+-----
Stealth        | 3 4 5 6 |  6.4
Spellcasting   | 3 4 5 |  5.5
Ice Magic      | 4 5 6 |  6.4
Shields        | 1 |  1.1
Summonings     | 2 3 |  3.6
Dodging        | |  2.0
Conjurations   | |  1.0

Action                   |  1- 3 |  4- 6 |  7- 9 || total
-------------------------+-------+-------+-------++-------
Melee: Short sword       |    16 |    31 |     1 ||    48
       Constrict         |     6 |     7 |     8 ||    21
       Tentacles         |     1 |     4 |     4 ||     9
       Trident           |       |       |    30 ||    30
       Spear             |       |       |     7 ||     7
       Rapier            |       |       |    17 ||    17
 Cast: Freeze            |    45 |    72 |    64 ||   181
       Throw Frost       |       |     1 |    34 ||    35
       Summon Ice Beast  |       |       |     3 ||     3
       Ozocubu's Armour  |       |       |     3 ||     3
Evoke: Wand              |       |       |     3 ||     3
       Sack of spiders   |       |       |     2 ||     2
  Use: Scroll            |     7 |     2 |     9 ||    18
       Potion            |       |     1 |     2 ||     3
 Stab: Sleeping          |     5 |     9 |     6 ||    20
       Distracted        |       |       |     1 ||     1
  Eat: Chunk             |     2 |    18 |    11 ||    31
Armor: Skin              |     1 |     1 |    12 ||    14
Dodge: Dodged            |    29 |    48 |    46 ||   123
Block: Buckler           |       |       |    12 ||    12
